Map: King's Cove LE

Players

Kas

  • Race: Terran Terran
  • Spawn Location: 11:00

Namshar - Winner!

  • Race: Zerg Zerg
  • Spawn Location: 5:00

Event: 2019 WCS Spring

VOD

Have the link to the VOD?

Description

Time

  • Played on: May 18, 2019, 6:26 a.m.
  • Length: 16:28

All games in this series

Show
View Real Time Build Order
Export as new Build Order

Kas Terran 

Build Orders: Gas First Reaper Expand, Liberator Opening, Mech 

Get SALT Encoding   

  12  0:00  SCV  
  13  0:12  SCV  
  14  0:19  Supply Depot  
  14  0:25  SCV  
  15  0:29  Refinery  
  15  0:40  SCV  
  16  0:46  Barracks  
  16  0:53  SCV  
  17  1:05  SCV  
  18  1:17  SCV  
  19  1:33  Reaper, Orbital Command  
  20  1:46  Command Center  
  20  1:58  Factory  
  20  2:01  SCV  
  20  2:07  Barracks Reactor  
  21  2:14  SCV  
  22  2:18  Supply Depot  
  22  2:22  Refinery  
  22  2:26  SCV  
  23  2:40  SCV  
  24  2:47  Starport  
  24  2:51  Hellion  
  24  2:52  SCV, Hellion  
  29  3:02  Orbital Command  
  29  3:04  SCV  
  30  3:16  SCV  
  30  3:17  Barracks Tech Lab  
  31  3:20  Refinery  
  31  3:21  Hellion  
  31  3:22  Hellion  
  35  3:28  SCV  
  35  3:29  SCV  
  35  3:32  Liberator  
  37  3:38  Fusion Core  
  36  3:43  SCV x2  
  38  3:55  Supply Depot  
  41  3:56  SCV  
  41  3:57  SCV  
  43  4:03  Hellion  
  43  4:07  Marine  
  46  4:16  SCV, Supply Depot  
  46  4:17  Hellion, Supply Depot  
  49  4:18  SCV  
  49  4:21  Liberator, Supply Depot  
  50  4:25  Marine  
  50  4:28  SCV, Advanced Ballistics  
  52  4:41  SCV  
  52  4:42  SCV  
  52  4:43  Barracks Tech Lab  
  57  4:54  SCV  
  57  4:57  SCV  
  59  5:00  Command Center  
  59  5:06  SCV  
  60  5:11  Liberator  
  60  5:18  SCV, Siege Tank, Marine x2  
  66  5:21  Refinery  
  66  5:22  Supply Depot x2  
  66  5:23  SCV  
  70  5:37  Factory  
  70  5:40  Factory  
  70  5:43  SCV x2  
  60  5:55  SCV  
  61  6:04  SCV  
  62  6:05  Supply Depot  
  62  6:07  Hellion x2  
  62  6:08  SCV  
  67  6:16  SCV, Orbital Command  
  68  6:20  SCV  
  68  6:25  Factory  
  69  6:26  Factory  
  69  6:28  SCV  
  69  6:30  Cyclone x2  
  69  6:31  Barracks Reactor  
  69  6:32  SCV, Hellion x2  
  78  6:34  Infernal Pre-Igniter  
  78  6:36  Liberator  
  78  6:40  SCV  
  78  6:46  SCV  
  58  6:47  Orbital Command  
  80  6:52  SCV  
  83  6:54  Hellion x2  
  83  6:58  SCV  
  86  7:04  SCV  
  86  7:06  Cyclone  
  90  7:10  SCV  
  90  7:13  SCV  
  90  7:14  Command Center  
  92  7:16  SCV  
  92  7:17  Refinery  
  92  7:19  Refinery  
  92  7:22  SCV  
  94  7:24  Cyclone  
  94  7:28  Factory Tech Lab  
  97  7:31  SCV  
  97  7:33  Hellion x2  
  97  7:34  Hellion x2  
  106  7:39  Supply Depot x2  
  106  7:40  Supply Depot  
  106  7:48  Cyclone  
  106  7:50  Liberator  
  106  7:51  Engineering Bay  
  109  7:52  Supply Depot  
  109  7:57  SCV x2  
  108  8:01  Hellion x3, Cyclone x2  
  120  8:10  SCV x3  
  126  8:17  Supply Depot  
  126  8:19  Supply Depot  
  126  8:20  Supply Depot  
  126  8:24  Cyclone  
  126  8:27  Hellion x2  
  126  8:31  SCV x2  
  126  8:33  Cyclone  
  132  8:50  Cyclone  
  132  8:52  Hellion x2, Starport Reactor  
  132  8:53  Hellion  
  132  8:54  Hellion  
  143  8:55  Planetary Fortress  
  143  8:56  Cyclone  
  143  9:00  SCV  
  143  9:01  SCV  
  143  9:02  SCV  
  149  9:04  Refinery  
  149  9:05  Cyclone  
  149  9:06  Refinery  
  149  9:07  Starport  
  149  9:08  Supply Depot  
  149  9:09  Supply Depot  
  152  9:13  SCV, Sensor Tower  
  152  9:14  SCV, Liberator x2  
  155  9:17  SCV  
  155  9:19  Hellion x3  
  155  9:20  Hellion  
  163  9:33  Cyclone  
  172  9:44  Command Center  
  168  9:50  Armory  
  168  9:51  Armory  
  168  9:52  Starport Reactor  
  168  9:57  Liberator  
  168  10:06  Mag-Field Accelerator  
  168  10:15  Cyclone, Liberator x2  
  174  10:29  Command Center  
  174  10:30  Command Center  
  174  10:31  Command Center  
  174  10:32  SCV  
  181  10:39  Liberator  
  181  10:40  Liberator, Terran Vehicle Weapons Level 1  
  181  10:41  Terran Vehicle And Ship Armor Level 1  
  174  10:54  Cyclone  
  180  10:58  Liberator x2  
  180  11:03  Command Center  
  180  11:18  Planetary Fortress  
  186  11:22  Liberator x2  
  186  11:26  Factory x2  
  186  11:28  Factory  
  186  11:30  Barracks  
  174  11:41  Liberator x2  
  174  11:44  Cyclone x2  
  169  11:52  Cyclone  
  159  11:55  Hellion x3  
  164  12:01  SCV  
  164  12:02  SCV x2  
  164  12:06  SCV x3  
  170  12:11  Factory Reactor, Factory Tech Lab x2  
  170  12:16  Cyclone x2  
  173  12:30  Cyclone x2  
  173  12:31  Hellion  
  173  12:32  Hellion  
  173  12:35  Orbital Command x2, Refinery  
  173  12:36  Orbital Command x2, Refinery  
  183  12:37  Command Center  
  183  12:48  Thor x2  
  195  12:51  Liberator x2  
  195  12:54  Terran Vehicle Weapons Level 2, Command Center  
  193  13:12  Liberator x2  
  195  13:16  Cyclone x2  
  189  13:28  Cyclone  
  189  13:30  Hellion  
  200  13:34  Liberator  
  177  13:50  Thor x2  
  177  13:51  Thor  
  177  13:52  Hellion x2  
  177  13:54  Liberator  
  172  13:57  Hellion x2  
  172  14:00  Hellion  
  180  14:03  Terran Vehicle And Ship Armor Level 2  
  180  14:08  Hellion  
  172  14:20  Liberator x2  
  157  14:29  Factory Reactor  
  147  14:32  Orbital Command  
  147  14:34  Thor x2  
  147  14:38  Thor  
  164  14:39  Hellion, Orbital Command  
  164  14:44  Orbital Command  
  150  14:50  Thor  
  150  14:51  Hellion x2  
  147  14:53  Hellion  
  147  14:55  SCV  
  147  14:57  SCV  
  147  14:59  Hellion  
  145  15:00  SCV  
  146  15:07  SCV  
  146  15:09  SCV  
  146  15:11  Cyclone  
  151  15:20  Hellion x3  
  154  15:23  Hellion x2  
  154  15:25  Liberator x4  
  154  15:26  Planetary Fortress  
  154  15:28  SCV x4  
  160  15:30  SCV  
  169  15:48  Hellion x4  
  183  15:51  Hellion x2  
  164  15:57  Hellion  
  164  16:03  Hellion x2  
Show
View Real Time Build Order
Export as new Build Order

Namshar Zerg - Winner!

Build Orders: Hatch First, Roach Hydra 

Get SALT Encoding   

  12  0:00  Drone  
  13  0:12  Overlord  
  13  0:17  Drone  
  14  0:30  Drone x2  
  16  0:48  Hatchery  
  15  0:52  Drone  
  15  0:56  Drone  
  17  0:59  Drone  
  18  1:10  Extractor  
  17  1:15  Spawning Pool  
  17  1:18  Drone  
  17  1:21  Drone  
  18  1:28  Drone  
  19  1:39  Drone  
  20  1:49  Overlord  
  20  2:01  Queen x2  
  20  2:02  Zergling x4  
  26  2:11  Metabolic Boost  
  26  2:13  Drone  
  26  2:14  Drone  
  29  2:22  Drone  
  29  2:23  Drone  
  30  2:37  Queen  
  32  2:47  Overlord  
  32  2:48  Drone x3  
  35  3:01  Drone  
  35  3:03  Overlord  
  36  3:14  Hatchery  
  36  3:16  Drone  
  36  3:17  Drone x5  
  41  3:20  Queen  
  43  3:29  Drone x2  
  43  3:30  Queen  
  47  3:37  Overlord  
  47  3:42  Drone  
  48  3:52  Overlord  
  48  3:53  Overlord, Drone  
  49  3:56  Queen  
  49  3:57  Drone  
  49  3:58  Drone  
  53  4:06  Overlord, Drone x2  
  53  4:07  Drone x2  
  53  4:09  Queen  
  59  4:13  Overlord  
  59  4:14  Zergling x2  
  60  4:21  Zergling x2  
  60  4:23  Zergling x2  
  62  4:29  Zergling x2  
  63  4:34  Roach Warren, Drone  
  63  4:36  Drone x3  
  66  4:38  Drone x2  
  66  4:44  Drone x3  
  71  4:49  Lair  
  71  4:51  Extractor  
  71  4:52  Extractor  
  69  4:53  Evolution Chamber  
  69  4:54  Spore Crawler  
  69  4:55  Evolution Chamber, Drone x2  
  69  4:56  Zergling x2, Drone  
  69  4:59  Spore Crawler  
  69  5:00  Spore Crawler  
  69  5:05  Drone x3  
  71  5:07  Drone  
  71  5:08  Zergling x2  
  71  5:09  Zergling x2  
  74  5:14  Drone  
  74  5:15  Drone x2  
  77  5:23  Extractor  
  77  5:24  Extractor  
  77  5:26  Drone x4  
  77  5:27  Drone  
  80  5:29  Drone x3  
  80  5:33  Overlord  
  80  5:34  Drone  
  84  5:36  Zerg Missile Weapons Level 1, Zerg Ground Armor Level 1  
  84  5:45  Zergling x4  
  84  5:48  Zergling x2  
  84  5:49  Drone x4  
  89  5:54  Drone x2  
  87  6:14  Drone x5  
  87  6:15  Extractor  
  89  6:18  Hatchery  
  88  6:28  Drone x7  
  88  6:31  Glial Reconstitution  
  95  6:34  Infestation Pit  
  95  6:37  Hydralisk Den  
  91  6:48  Spire  
  90  6:58  Drone x6  
  90  6:59  Zergling x2  
  90  7:00  Extractor  
  96  7:02  Extractor  
  91  7:10  Drone x3  
  91  7:12  Drone x4  
  91  7:14  Overlord x2  
  91  7:15  Hive  
  97  7:26  Overlord x2  
  96  7:36  Queen  
  93  7:40  Drone  
  93  7:41  Drone x4  
  96  7:53  Roach x5  
  96  7:54  Roach x2  
  109  8:11  Hatchery  
  108  8:13  Drone x3  
  108  8:14  Roach x4  
  119  8:25  Zerg Missile Weapons Level 2  
  119  8:26  Muscular Augments  
  119  8:29  Zerg Ground Armor Level 2  
  117  8:51  Overlord  
  117  8:52  Overlord x7  
  117  8:53  Viper x2  
  117  8:54  Viper  
  126  8:57  Viper x2  
  126  9:02  Drone  
  133  9:03  Drone  
  133  9:04  Drone x2  
  136  9:10  Viper  
  136  9:11  Viper x2  
  136  9:14  Hydralisk x2  
  149  9:18  Greater Spire  
  149  9:21  Pneumatized Carapace  
  150  9:24  Drone x2  
  150  9:25  Hydralisk x4  
  159  9:36  Hydralisk x5  
  159  9:37  Grooved Spines  
  168  9:47  Hydralisk x6  
  180  9:54  Hydralisk x3  
  186  10:06  Hydralisk x6  
  192  10:10  Drone  
  192  10:12  Spire  
  198  10:49  Queen  
  196  10:51  Zerg Ground Armor Level 3, Zerg Missile Weapons Level 3  
  196  10:56  Drone x2  
  195  11:09  Extractor  
  194  11:13  Extractor  
  194  11:14  Drone x3  
  196  11:23  Zerg Flyer Weapons Level 1  
  196  11:24  Zerg Flyer Armor Level 1  
  148  12:02  Drone  
  148  12:03  Drone x9  
  157  12:19  Viper x7  
  157  12:22  Hydralisk x13  
  187  12:30  Spine Crawler  
  187  12:33  Spore Crawler  
  187  12:35  Hydralisk  
  187  12:36  Hatchery, Roach x8  
  199  12:49  Hatchery  
  198  12:57  Hydralisk  
  198  12:58  Roach x3  
  192  13:12  Roach x4  
  196  13:29  Zerg Melee Weapons Level 1  
  196  13:32  Hydralisk x2  
  178  13:58  Hatchery  
  177  14:03  Drone  
  177  14:04  Drone x3  
  177  14:06  Zerg Flyer Armor Level 2, Zerg Flyer Weapons Level 2, Hatchery  
  180  14:15  Extractor  
  180  14:17  Spine Crawler  
  176  14:18  Spore Crawler, Spine Crawler  
  176  14:19  Extractor  
  173  14:24  Viper  
  173  14:27  Hydralisk  
  173  14:28  Roach x12  
  199  14:37  Hydralisk x2  
  195  14:51  Hydralisk  
  195  14:52  Hydralisk x9  
  199  14:57  Roach  
  199  14:58  Roach x6  
  197  15:08  Drone  
  198  15:19  Hydralisk  
  198  15:22  Drone x2  
  200  15:40  Overseer  
  200  15:41  Overseer x2  
  200  15:42  Overseer  
  169  16:05  Drone  
  169  16:06  Drone x10  
Tags
 
Add a new tag
Caveats
  • Supply blocks, unpowered buildings, or Contaminate may cause inaccurate times.
  • Supply counts are checked every 10 seconds.